 Dungeon Crawl Stone Soup version 0.21-a0-94-gdd6ab6a (webtiles) character file.

759 hairmachine the Archer (level 7, -3/91 HPs)
             Began as a Centaur Hunter on July 1, 2017.
             Was a Follower of Ashenzari.
             Slain by a hornet (6 damage)
             ... on level 6 of the Dungeon.
             The game lasted 00:21:05 (4775 turns).

hairmachine the Archer (Centaur Hunter)             Turns: 4775, Time: 00:21:06

Health: -3/91      AC: 23    Str: 17    XL:     7   Next: 50%
Magic:  7/7        EV:  1    Int:  8    God:    Ashenzari [*.....]
Gold:   329        SH:  0    Dex: 16    Spells: 6/6 levels left

rFire    . . .     SeeInvis .   p - +1 dagger (venom)
rCold    . . .     Gourm    .   (no shield)
rNeg     + + +     Faith    .   (armour currently unavailable)
rPois    +         Spirit   .   (helmet currently unavailable)
rElec    .         Reflect  .   (cloak currently unavailable)
rCorr    .         Harm     .   (gloves currently unavailable)
MR       ++...     NoTele   +   (no barding)
Stlth    +++.......             (no amulet)
HPRegen  0.25/turn              g - ring of protection from magic
MPRegen  0.10/turn              l - ring of protection from magic

@: agile, tree-form
A: dopey 1, strong 1, evolution 1
a: Curse Item, Scrying, Renounce Religion


You were on level 6 of the Dungeon.
You worshipped Ashenzari.
Ashenzari was aware of your devotion.
You were hungry.
You were a tree.
You visited 1 branch of the dungeon, and saw 6 of its levels.

You collected 329 gold pieces.

Inventory:

Hand Weapons
 a - a +1 shortbow
 p - a +1 dagger of venom (weapon)
 D - a +0 trident
Missiles
 d - 59 arrows
Armour
 b - a cursed +0 robe
 h - a +0 chain mail
 i - a cursed +0 leather armour (melded)
 v - a cursed +1 helmet (melded)
Jewellery
 g - a ring of protection from magic (left branch)
 l - a ring of protection from magic (right branch)
Scrolls
 j - 3 scrolls of identify
 k - 2 scrolls of magic mapping {unknown}
 m - 2 scrolls of immolation {unknown}
 o - 4 scrolls of teleportation {unknown}
 u - 3 scrolls of fear {unknown}
 B - a scroll of noise {unknown}
Potions
 e - 2 potions of haste
 r - a potion of heal wounds {unknown}
 s - a potion of lignification
 z - a potion of flight {unknown}
 C - a potion of ambrosia {unknown}
Books
 y - a book of Necromancy

   Spells                             Type                      Level
   a - Pain                           Necromancy                   1
   b - Animate Skeleton               Necromancy                   1
   c - Vampiric Draining              Necromancy                   3
   d - Regeneration                   Charms/Necromancy            3
   e - Animate Dead                   Necromancy                   4
   f - Control Undead                 Necromancy                   4
Comestibles
 c - a royal jelly
 f - 6 bread rations
 n - 4 fruits
 t - 2 meat rations
 x - 4 chunks of flesh


   Skills:
 - Level 5.3 Fighting
 + Level 10.2 Bows
 - Level 1.3 Dodging
 - Level 0.4 Stealth


You had 6 spell levels left.
You didn't know any spells.

Dungeon Overview and Level Annotations

Branches:
Dungeon (6/15)
 Temple: D:4-7

Altars:
Ashenzari
Dithmenos
Hepliaklqana
Kikubaaqudgha
Makhleb
Ru
Uskayaw
Yredelemnul
The Shining One

Shops:
D:4 ?

Annotations:
D:3 Grinder
D:5 1 runed door


Innate Abilities, Weirdness & Mutations

((You have hooves in place of feet.))
((Armour fits poorly on your strangely shaped body.))
((You cover ground very quickly.))
((You have extremely tough skin. (AC +3)))
You are dopey. (Int -2)
Your muscles are strong. (Str +2)
You evolve.


Message History

The hornet stings you but does no damage.
It was a potion of mutation.
You feel extremely strange.
You feel nature experimenting on you.
Don't worry, failures die fast.
You feel stupid.
You feel stronger.
You feel yourself speed up.
The hornet stings you but does no damage.
The hornet stings you.
* * * LOW HITPOINT WARNING * * *
You feel better. The hornet stings you!
* * * LOW HITPOINT WARNING * * *
You feel yourself slow down. The hornet stings you!
* * * LOW HITPOINT WARNING * * *
You feel better.
You feel yourself speed up. The hornet stings you!
* * * LOW HITPOINT WARNING * * *
The hornet stings you but does no damage.
You feel agile all of a sudden. The hornet stings you.
You die...

#.......# .#
#.#####.[.....##.#
#.............[..#
#######.....>.#..#
##.......#..#
##.######........#..#
#.##........###...###..#
.....#######.#....# #..#
.(.(........y♣##.####..#
.############..........#
#.##.#.....#
#.##..###### #.##..#
####.##..############
....................(
###[.###.########.### ..
#..# #.# #.#


You could see a hornet.

Vanquished Creatures
  An orc warrior (D:5)
  2 ogres
  2 scorpions (D:4)
  A howler monkey (D:4)
  2 hounds
  An orc priest (D:6)
  A jelly (D:5)
  3 orc wizards
  A worker ant (D:4)
  8 adders
  An ooze (D:4)
  An adder skeleton (D:4)
  2 worms
  A dart slug (D:1)
  2 leopard geckos
  7 orcs
  2 giant cockroaches
  2 goblins
  4 hobgoblins
  7 jackals
  3 kobolds
  5 bats
  2 frilled lizards (D:1)
  A leopard gecko zombie (D:5)
  A quokka skeleton (D:4)
  2 rats (D:1)
65 creatures vanquished.

Notes
Turn   | Place    | Note
-------+----------+-------------------------------------------
     0 | D:1      | hairmachine the Centaur Hunter began the quest for the Orb.
     0 | D:1      | Reached XP level 1. HP: 17/17 MP: 1/1
   594 | D:1      | Reached XP level 2. HP: 25/25 MP: 2/2
  1100 | D:2      | Reached XP level 3. HP: 14/31 MP: 3/3
  1544 | D:2      | Found a glowing golden altar of the Shining One.
  1545 | D:2      | Found a hazy altar of Hepliaklqana.
  1819 | D:2      | Found a hide-covered altar of Uskayaw.
  1860 | D:2      | You fall through a shaft for 2 floors!
  1890 | D:4      | Found a shattered altar of Ashenzari.
  1894 | D:4      | Became a worshipper of Ashenzari the Shackled
  1920 | D:4      | Reached XP level 4. HP: 39/40 MP: 4/4
  1990 | D:4      | Reached skill level 6 in Bows
  2043 | D:4      | Reached XP level 5. HP: 37/47 MP: 5/5
  2142 | D:4      | Found Touq's Magic Scroll Shoppe.
  2217 | D:4      | Found an ancient bone altar of Kikubaaqudgha.
  2222 | D:4      | Found a sacrificial altar of Ru.
  2234 | D:4      | Found a burning altar of Makhleb.
  2239 | D:4      | Found a shattered altar of Ashenzari.
  2334 | D:4      | Reached skill level 5 in Fighting
  2601 | D:4      | Noticed an ogre
  2642 | D:3      | Noticed Grinder
  2678 | D:4      | Killed an ogre
  2678 | D:4      | Reached skill level 7 in Bows
  2678 | D:4      | Reached XP level 6. HP: 56/56 MP: 6/6
  2725 | D:4      | Found a shadowy altar of Dithmenos.
  2937 | D:5      | Entered Level 5 of the Dungeon
  3099 | D:5      | Reached skill level 8 in Bows
  3262 | D:5      | Reached * piety under Ashenzari
  3556 | D:5      | Reached XP level 7. HP: 57/61 MP: 7/7
  3583 | D:5      | Found a runed door.
  3584 | D:5      | Noticed a human
  3587 | D:5      | Found a basalt altar of Yredelemnul.
  3750 | D:5      | Reached skill level 9 in Bows
  4524 | D:6      | Reached skill level 10 in Bows
  4754 | D:6      | Noticed a hornet
  4772 | D:6      | Gained mutation: You evolve. [potion of mutation]
  4772 | D:6      | Gained mutation: You are dopey. (Int -2) [potion of mutation]
  4772 | D:6      | Gained mutation: Your muscles are strong. (Str +2) [potion of mutation]
  4773 | D:6      | HP: 3/91 [hornet (10)]
  4775 | D:6      | Slain by a hornet

Vault maps used:
D:1:      scummos_arrival_gate
D:2:      lemuel_doored_altar, chequers_temple_overflow_statue_of_worship,
          first_bread, kennysheep_small_spiral
D:3:      uniq_grinder, uniq_terence
D:4:      kennysheep_mini, grunt_temple_overflow_cloverleaf, serial_shops,
          nicolae_shop_statue_plus, ashenzari_altar_1
D:5:      dk_yredelemnul_ordeal
D:6:      temple_green

Skill      XL: |  1  2  3  4  5  6  7 |
---------------+----------------------+-----
Fighting       | 3 4 5 |  5.3
Bows           | 6 7 8 10 | 10.2
Dodging        | |  1.3
Stealth        | |  0.4

Action                   |  1- 3 |  4- 6 |  7- 9 || total
-------------------------+-------+-------+-------++-------
Melee: Short sword       |    32 |       |       ||    32
       Kick              |     6 |    10 |     4 ||    20
       Dagger            |    14 |    38 |    19 ||    71
 Fire: Shortbow          |    50 |    57 |    97 ||   204
Invok: Curse Item        |       |     1 |       ||     1
  Use: Scroll            |       |     2 |       ||     2
       Potion            |       |       |     6 ||     6
  Eat: Chunk             |     2 |     3 |     3 ||     8
Armor: Leather armour    |    18 |    13 |     8 ||    39
       Skin              |       |       |    10 ||    10
Dodge: Dodged            |    33 |    24 |     8 ||    65
